 Dungeon Crawl Stone Soup version 0.21-a0-442-g848f44b (webtiles) character file.

65 n0claF the Ruffian (level 3, -10/37 HPs)
             Began as a Troll Monk on Nov 14, 2017.
             Mangled by an ogre
             ... wielding a +0 giant club
              (29 damage)
             ... on level 4 of the Dungeon.
             The game lasted 00:02:37 (1656 turns).

n0claF the Ruffian (Troll Monk)                     Turns: 1656, Time: 00:02:38

Health: -10/37     AC:  5    Str: 19    XL:     3   Next: 94%
Magic:  2/2        EV: 11    Int: 10    God:
Gold:   140        SH:  0    Dex: 13    Spells: 2/2 levels left

rFire    . . .     SeeInvis .     - Unarmed
rCold    . . .     Gourm    +   (no shield)
rNeg     . . .     Faith    .   a - +0 robe
rPois    .         Spirit   .   (helmet restricted)
rElec    .         Reflect  .   (no cloak)
rCorr    .         Harm     .   (gloves unavailable)
MR       .....                  (boots unavailable)
Stlth    ++........             (no amulet)
HPRegen  0.52/turn              k - +4 ring of intelligence
MPRegen  0.08/turn              (no ring)

@: no status effects
A: unfitting armour, claws 3, fast metabolism 3, gourmand, regeneration 1,
shaggy fur 1, tough skin 2
a: no special abilities


You were on level 4 of the Dungeon.
You were very hungry.

You visited 1 branch of the dungeon, and saw 4 of its levels.

You collected 140 gold pieces.

Inventory:

Armour
 a - a +0 robe (worn)
Jewellery
 k - a +4 ring of intelligence (left claw)
Scrolls
 d - a scroll of remove curse {unknown}
 i - 2 scrolls of identify {unknown}
 j - a scroll of random uselessness {unknown}
 m - a scroll of magic mapping {unknown}
 n - a scroll of amnesia {unknown}
 o - a scroll of enchant armour {unknown}
Potions
 c - a potion of curing {unknown}
 e - a potion of mutation {unknown}
 f - 3 potions of haste {unknown}
 g - a potion of might {unknown}
 h - a potion of lignification {unknown}
 p - a potion of flight {unknown}
Comestibles
 b - 6 bread rations
 l - a royal jelly


   Skills:
 + Level 3.0 Fighting
 + Level 3.0 Dodging
 - Level 1.0 Stealth
 + Level 3.6 Unarmed Combat


You had 2 spell levels left.
You didn't know any spells.

Dungeon Overview and Level Annotations

Branches:
Dungeon (4/15)
 Temple: D:4-7

Altars:


Innate Abilities, Weirdness & Mutations

You are too large for most types of armour.
You have claws for hands.
Your metabolism is lightning-fast.
You like to eat raw meat.
Your natural rate of healing is unusually fast.
You are covered in fur. (AC +1)
You have very tough skin. (AC +2)


Message History

An adder comes into view.
The adder hisses angrily.
You claw the ogre! x2
The ogre is severely wounded.
The ogre hits you with a giant club!!
Ouch! That really hurt!
You are too injured to fight recklessly!
You are too injured to fight recklessly!
You are too injured to fight recklessly!
You are too injured to fight recklessly!
Unknown command.
You scratch the ogre.
The ogre is almost dead.
The ogre closely misses you.
A worm comes into view.
You scratch the ogre.
The ogre is almost dead.
The ogre hits you with a giant club!!
Ouch! That really hurt!
You die...

#. .#.....
#..#......# #
...#.#..#.#.# #
#....#..#.#.##..
#. ..#........ #.
#.#....#.##.##
#.##.###..OS.w...
#.<......@#
####..%...#
#!......#
#............
#.#..#....#.#
#.#####.#.#.# #
....# # ##.#.#
##.#


You could see an ogre, a worm and an adder.

Vanquished Creatures
  2 adders
  A worm (D:2)
  A dart slug (D:2)
  2 leopard geckos
  A ball python (D:3)
  4 bats
  2 giant cockroaches
  4 goblins
  9 hobgoblins
  4 kobolds
  2 quokkas
  4 rats
36 creatures vanquished.

Notes
Turn   | Place    | Note
-------+----------+-------------------------------------------
     0 | D:1      | n0claF the Troll Monk began the quest for the Orb.
     0 | D:1      | Reached XP level 1. HP: 22/22 MP: 0/0
   163 | D:1      | Reached XP level 2. HP: 29/29 MP: 1/1
   599 | D:2      | Reached XP level 3. HP: 34/36 MP: 2/2
  1649 | D:4      | Noticed an ogre
  1656 | D:4      | Mangled by an ogre

Vault maps used:
D:1:      elethiomel_arrival_quiet, lemuel_another_geyser
D:2:      first_bread
D:3:      minmay_misc_feat_nine_boxes
D:4:      nemelex_altar_shiori, kennysheep_mini, uniq_eustachio

Skill      XL: |  1  2  3 |
---------------+----------+-----
Fighting       | 3 |  3.0
Dodging        | 3 |  3.0
Stealth        | |  1.0
Unarmed Combat | |  3.6

Action                   || total
-------------------------++-------
Melee: Unarmed           ||    78
       Punch             ||     3
 Stab: Sleeping          ||     7
  Eat: Chunk             ||    11
Armor: Robe              ||    17
Dodge: Dodged            ||    37

Table legend:
 A = Spawn XP
 B = Non-spawn XP
 C = Spawn XP percentage of total XP
 D = Spawn monster count
 E = Non-spawn monster count
 F = Spawn count percentage of total count
 G = Total turns spent on level
                    A         B        C        D         E        F      G
               +---------+---------+-------+---------+---------+-------+---------
         Total |       0 |      94 |   0.0 |       0 |      36 |   0.0 |  1656
               +---------+---------+-------+---------+---------+-------+---------
           D:1 |       0 |      17 |   0.0 |       0 |       9 |   0.0 |   503
           D:2 |       0 |      42 |   0.0 |       0 |      13 |   0.0 |   463
           D:3 |       0 |      35 |   0.0 |       0 |      14 |   0.0 |   680
               +---------+---------+-------+---------+---------+-------+---------
